PCL
SAN JOSE MISSIONS @ HOUSTON HAMMERTIME
07/07/2025
 
TOP OF THE 1ST
San Jose Missions batting - Pitching for Houston Hammertime : RHP Norberto Méndez
Pitching: RHP Norberto Méndez
Batting: RHB Peyton Pennington 0-0: Ball
1-0: Called Strike
1-1: Ball
2-1: Swinging Strike
2-2: Ball
3-2: Fly out, F2 (Popup, 2LF)
Batting: RHB Kyle Williams 0-0: Ball
1-0: Fly out, F6 (Popup, 6D)
Batting: LHB Mel Jones 0-0: Fly out, F3 (Line Drive, 34)
Top of the 1st over - 0 run(s), 0 hit(s), 0 error(s), 0 left on base; San Jose 0 - Houston 0
BOTTOM OF THE 1ST
Houston Hammertime batting - Pitching for San Jose Missions : RHP Francisco Arellano
Pitching: RHP Francisco Arellano
Batting: RHB Domingo Matos 0-0: Called Strike
0-1: Fly out, F8 (Flyball, 8LS)
Batting: LHB Bartolo Villanueva 0-0: Swinging Strike
0-1: Ball
1-1: SINGLE (Line Drive, 9LS)
Batting: LHB Juan Cabañas 0-0: Called Strike
0-1: Ball
1-1: Ball
2-1: Grounds into double play, 4-6-3 (Groundball, 4)
Bottom of the 1st over - 0 run(s), 1 hit(s), 0 error(s), 0 left on base; San Jose 0 - Houston 0
TOP OF THE 2ND
San Jose Missions batting - Pitching for Houston Hammertime : RHP Norberto Méndez
Batting: LHB Arturo Rivera 0-0: SINGLE (Groundball, 4M)
Batting: LHB Raúl García 0-0: Ball
1-0: Called Strike
1-1: Swinging Strike
1-2: Fly out, F7 (Flyball, 7D)
Batting: RHB Dave Wookey 0-0: Foul Ball, location: 2F
0-1: Ball
1-1: Called Strike
1-2: Strikes out swinging
Batting: LHB Kieran Farris 0-0: Called Strike
0-1: Fly out, F9 (Flyball, 89M)
Top of the 2nd over - 0 run(s), 1 hit(s), 0 error(s), 1 left on base; San Jose 0 - Houston 0
BOTTOM OF THE 2ND
Houston Hammertime batting - Pitching for San Jose Missions : RHP Francisco Arellano
Batting: LHB José Villegas 0-0: Ball
1-0: Fly out, F7 (Flyball, 8LS)
Batting: RHB José García 0-0: Called Strike
0-1: Foul Ball, location: 2F
0-2: Foul Ball, location: 2F
0-2: Ball
1-2: Strikes out swinging
Batting: RHB Mario Beltrán 0-0: Called Strike
0-1: Ball
1-1: Ground out 6-3 (Groundball, 6)
Bottom of the 2nd over - 0 run(s), 0 hit(s), 0 error(s), 0 left on base; San Jose 0 - Houston 0
TOP OF THE 3RD
San Jose Missions batting - Pitching for Houston Hammertime : RHP Norberto Méndez
Batting: RHB Mike Gordon 0-0: Called Strike
0-1: Ball
1-1: Called Strike
1-2: Strikes out swinging
Batting: RHB Elliott Rucker 0-0: Foul Ball, location: 2F
0-1: Ball
1-1: Foul Ball, location: 2F
1-2: Strikes out swinging
Batting: RHB Peyton Pennington 0-0: SINGLE (Groundball, 25) (infield hit)
Batting: RHB Kyle Williams 0-0: Ball
1-0: Called Strike
1-1: Foul Ball, location: 2F
1-2: SINGLE (Groundball, 5D)
Peyton Pennington to second
Peyton Pennington to third
Batting: LHB Mel Jones 0-0: Ball
1-0: Called Strike
1-1: Ball
2-1: Fly out, F6 (Popup, 56)
Top of the 3rd over - 0 run(s), 2 hit(s), 0 error(s), 2 left on base; San Jose 0 - Houston 0
BOTTOM OF THE 3RD
Houston Hammertime batting - Pitching for San Jose Missions : RHP Francisco Arellano
Batting: LHB Carlos López 0-0: Ball
1-0: Ball
2-0: Ball
3-0: Called Strike
3-1: Foul Ball, location: 2F
3-2: Reached on error, E3 (Groundball, 3L)
Batting: LHB Pat Jones 0-0: Called Strike
0-1: Swinging Strike
0-2: Ball
1-2: Ball
2-2: Foul Ball, location: 2F
2-2: Ball
3-2: Strikes out swinging
Batting: LHB Fernando Camacho 0-0: Called Strike
0-1: Ball
1-1: Ball
2-1: Foul Ball, location: 2F
2-2: Foul Ball, location: 2F
2-2: Strikes out swinging
Batting: RHB Domingo Matos 0-0: Ball
1-0: Swinging Strike
1-1: Called Strike
1-2: Foul Ball, location: 2F
1-2: Ball
2-2: Strikes out looking
Bottom of the 3rd over - 0 run(s), 0 hit(s), 1 error(s), 1 left on base; San Jose 0 - Houston 0
TOP OF THE 4TH
San Jose Missions batting - Pitching for Houston Hammertime : RHP Norberto Méndez
Batting: LHB Arturo Rivera 0-0: Swinging Strike
0-1: Ball
1-1: Fly out, F4 (Popup, 4MD)
Batting: LHB Raúl García 0-0: Called Strike
0-1: Foul Ball, location: 2F
0-2: Fly out, F7 (Flyball, 78S)
Batting: RHB Dave Wookey 0-0: Fly out, F8 (Flyball, 8LM)
Top of the 4th over - 0 run(s), 0 hit(s), 0 error(s), 0 left on base; San Jose 0 - Houston 0
BOTTOM OF THE 4TH
Houston Hammertime batting - Pitching for San Jose Missions : RHP Francisco Arellano
Batting: LHB Bartolo Villanueva 0-0: Swinging Strike
0-1: Fly out, F9 (Flyball, 89M)
Batting: LHB Juan Cabañas 0-0: Ball
1-0: Ball
2-0: Ball
3-0: Called Strike
3-1: Base on Balls
Batting: LHB José Villegas 0-0: Called Strike
0-1: SINGLE (Line Drive, 8LS)
Juan Cabañas to second
Batting: RHB José García 0-0: Foul Ball, location: 2F
0-1: Fielders Choice at 2nd, 6-4 (Groundball, 6M)
Juan Cabañas to third
Batting: RHB Mario Beltrán 0-0: Ball
1-0: Foul Ball, location: 2F
1-1: Ball
2-1: Ball
3-1: Base on Balls
José García to second
Batting: LHB Carlos López 0-0: Called Strike
0-1: Ball
1-1: Called Strike
1-2: Foul Ball, location: 2F
1-2: Ball
2-2: Strikes out swinging
Bottom of the 4th over - 0 run(s), 1 hit(s), 0 error(s), 3 left on base; San Jose 0 - Houston 0
TOP OF THE 5TH
San Jose Missions batting - Pitching for Houston Hammertime : RHP Norberto Méndez
Batting: LHB Kieran Farris 0-0: Ball
1-0: Ball
2-0: Ball
3-0: Called Strike
Error on foul ball, E2
3-2: SINGLE (Line Drive, 6D)
Batting: RHB Mike Gordon 0-0: Called Strike
0-1: Ball
1-1: Called Strike
1-2: Strikes out swinging
Batting: RHB Elliott Rucker 0-0: Foul Ball, location: 2F
0-1: Called Strike
0-2: Ball
1-2: Strikes out swinging
Batting: RHB Peyton Pennington 0-0: SINGLE (Flyball, 7S)
Kieran Farris to second
Batting: RHB Kyle Williams 0-0: Called Strike
0-1: Ball
1-1: Foul Ball, location: 2F
1-2: Ball
2-2: Strikes out swinging
Top of the 5th over - 0 run(s), 2 hit(s), 1 error(s), 2 left on base; San Jose 0 - Houston 0
BOTTOM OF THE 5TH
Houston Hammertime batting - Pitching for San Jose Missions : RHP Francisco Arellano
Batting: LHB Pat Jones 0-0: Foul Ball, location: 2F
0-1: Called Strike
0-2: Ball
1-2: Ball
2-2: Ball
3-2: SINGLE (Groundball, 4MD)
Batting: LHB Fernando Camacho 0-0: Ball
1-0: Ball
2-0: Fly out, F5 (Popup, 5)
Batting: RHB Domingo Matos 0-0: Ball
1-0: Foul Ball, location: 2F
1-1: Foul Ball, location: 2F
1-2: Foul Ball, location: 2F
1-2: Strikes out swinging
Batting: LHB Bartolo Villanueva 0-0: Ball
1-0: Ball
2-0: Ball
3-0: Base on Balls
Pat Jones to second
Batting: LHB Juan Cabañas 0-0: Ground out 2-3 (Groundball, 2L)
Bottom of the 5th over - 0 run(s), 1 hit(s), 0 error(s), 2 left on base; San Jose 0 - Houston 0
TOP OF THE 6TH
San Jose Missions batting - Pitching for Houston Hammertime : RHP Norberto Méndez
Batting: LHB Mel Jones 0-0: Ball
1-0: Foul Ball, location: 2F
1-1: Ground out 6-3 (Groundball, 6M)
Batting: LHB Arturo Rivera 0-0: Ball
1-0: Ball
2-0: Foul Ball, location: 2F
2-1: SOLO HOME RUN (Flyball, 9D), Distance : 364 ft
Batting: LHB Raúl García 0-0: Ball
1-0: Ball
2-0: Ball
3-0: Called Strike
3-1: Foul Ball, location: 2F
3-2: Foul Ball, location: 2F
3-2: Base on Balls
Batting: RHB Dave Wookey 0-0: Ball
1-0: Foul Ball, location: 2F
1-1: Called Strike
1-2: Ball
2-2: Strikes out swinging
Batting: LHB Kieran Farris 0-0: Called Strike
0-1: Ball
1-1: Swinging Strike
1-2: Ground out 5-3 (Groundball, 56S)
Top of the 6th over - 1 run(s), 1 hit(s), 0 error(s), 1 left on base; San Jose 1 - Houston 0
BOTTOM OF THE 6TH
Houston Hammertime batting - Pitching for San Jose Missions : RHP Francisco Arellano
Batting: LHB José Villegas 0-0: Foul Ball, location: 2F
0-1: Called Strike
0-2: Ball
1-2: Ball
2-2: Strikes out swinging
Batting: RHB José García 0-0: Swinging Strike
0-1: Ball
1-1: Fly out, F5 (Line Drive, 5)
Batting: RHB Mario Beltrán 0-0: Ground out 6-3 (Groundball, 6)
Bottom of the 6th over - 0 run(s), 0 hit(s), 0 error(s), 0 left on base; San Jose 1 - Houston 0
TOP OF THE 7TH
San Jose Missions batting - Pitching for Houston Hammertime : RHP Norberto Méndez
Batting: RHB Mike Gordon 0-0: Called Strike
0-1: Foul Ball, location: 2F
0-2: Ball
1-2: DOUBLE (Flyball, 78D)
Batting: RHB Elliott Rucker 0-0: Ball
1-0: Called Strike
1-1: Ball
2-1: Fly out, F9 (Line Drive, 9LM)
Pinch Hitting: RHB Ramón Ruíz 0-0: Intentional Walk
Pitching: LHP Dan Snyder
Pinch Hitting: RHB Dale Taylor 0-0: Called Strike
0-1: Foul Ball, location: 2F
0-2: SINGLE (Flyball, 78S)
Mike Gordon to third
Ramón Ruíz to second
Pinch Hitting: RHB Chang-geun Kim 0-0: Ball
1-0: Ball
2-0: Ball
3-0: Called Strike
3-1: Fly out, F9 (Popup, 8RS)
Pinch Hitting: RHB Ed Starr 0-0: Ball
1-0: Swinging Strike
1-1: Called Strike
1-2: Ball
2-2: Foul Ball, location: 2F
2-2: Foul Ball, location: 2F
2-2: Ball
3-2: DOUBLE (Groundball, 5L)
Mike Gordon scores
Ramón Ruíz scores
Dale Taylor to third
Dale Taylor scores
Batting: LHB Raúl García 0-0: Ball
1-0: Ball
2-0: Fly out, F4 (Line Drive, 4M)
Top of the 7th over - 3 run(s), 3 hit(s), 0 error(s), 1 left on base; San Jose 4 - Houston 0
BOTTOM OF THE 7TH
Houston Hammertime batting - Pitching for San Jose Missions : RHP Francisco Arellano
Now at 1B: Ed Starr
Now at SS: Jorge Comacho
Now in LF: Chang-geun Kim
Now in CF: José Martínez
Batting: LHB Carlos López 0-0: Ball
1-0: Ball
2-0: Ball
3-0: Base on Balls
Batting: LHB Pat Jones 0-0: Foul Ball, location: 2F
0-1: Ball
1-1: Foul Ball, location: 2F
1-2: Foul Ball, location: 2F
1-2: Ball
2-2: Strikes out looking
Batting: LHB Fernando Camacho 0-0: Called Strike
0-1: Ball
1-1: Ball
2-1: Grounds into double play, 3-6-3 (Groundball, 3)
Bottom of the 7th over - 0 run(s), 0 hit(s), 0 error(s), 0 left on base; San Jose 4 - Houston 0
TOP OF THE 8TH
San Jose Missions batting - Pitching for Houston Hammertime : LHP Dan Snyder
Batting: RHB Dave Wookey 0-0: Ball
1-0: Called Strike
1-1: Foul Ball, location: 2F
1-2: Ball
2-2: Strikes out looking
Batting: LHB Kieran Farris 0-0: Called Strike
0-1: Ball
1-1: Foul Ball, location: 2F
1-2: Strikes out looking
Batting: RHB Mike Gordon 0-0: SINGLE (Line Drive, 3D)
Batting: RHB Elliott Rucker 0-0: Foul Ball, location: 2F
0-1: Called Strike
0-2: Ball
1-2: Ball
2-2: Ball
3-2: Foul Ball, location: 2F
3-2: Foul Ball, location: 2F
3-2: 2-RUN HOME RUN (Flyball, 9D), Distance : 359 ft
Batting: RHB Jorge Comacho 0-0: Ball
1-0: Ball
2-0: Fly out, F4 (Popup, 34D)
Top of the 8th over - 2 run(s), 2 hit(s), 0 error(s), 0 left on base; San Jose 6 - Houston 0
BOTTOM OF THE 8TH
Houston Hammertime batting - Pitching for San Jose Missions : RHP Francisco Arellano
Batting: RHB Domingo Matos 0-0: Ball
1-0: Ball
2-0: Called Strike
2-1: Foul Ball, location: 2F
2-2: Strikes out looking
Batting: LHB Bartolo Villanueva 0-0: SINGLE (Line Drive, 89S)
Batting: LHB Juan Cabañas 0-0: Swinging Strike
0-1: Foul Ball, location: 2F
0-2: Ball
1-2: Foul Ball, location: 2F
1-2: Ball
2-2: Fly out, F7 (Flyball, 7D)
Batting: LHB José Villegas 0-0: Ball
1-0: DOUBLE (Line Drive, 9LS)
Bartolo Villanueva to third
Batting: RHB José García 0-0: Ground out 6-3 (Groundball, 6)
Bottom of the 8th over - 0 run(s), 2 hit(s), 0 error(s), 2 left on base; San Jose 6 - Houston 0
TOP OF THE 9TH
San Jose Missions batting - Pitching for Houston Hammertime : LHP Dan Snyder
Batting: RHB José Martínez 0-0: Ball
1-0: Foul Ball, location: 2F
1-1: Ball
2-1: Called Strike
2-2: Strikes out looking
Batting: RHB Chang-geun Kim 0-0: Ground out U3 (Groundball, 3)
Batting: RHB Ed Starr 0-0: Ball
1-0: Ball
2-0: Foul Ball, location: 2F
2-1: Foul Ball, location: 2F
2-2: Ground out 2-3 (Groundball, 25)
Top of the 9th over - 0 run(s), 0 hit(s), 0 error(s), 0 left on base; San Jose 6 - Houston 0
BOTTOM OF THE 9TH
Houston Hammertime batting - Pitching for San Jose Missions : RHP Francisco Arellano
Batting: RHB Mario Beltrán 0-0: Swinging Strike
0-1: Ball
1-1: Fly out, F7 (Flyball, 78XD)
Batting: LHB Carlos López 0-0: Called Strike
0-1: Ball
1-1: Swinging Strike
1-2: Ball
2-2: Foul Ball, location: 2F
2-2: Strikes out looking
Batting: LHB Pat Jones 0-0: Called Strike
0-1: Ball
1-1: Ball
2-1: Ball
3-1: Base on Balls
Batting: LHB Fernando Camacho 0-0: Ball
1-0: Foul Ball, location: 2F
1-1: Ball
2-1: Ball
3-1: Ground out 4-3 (Groundball, 4)
Bottom of the 9th over - 0 run(s), 0 hit(s), 0 error(s), 1 left on base; San Jose 6 - Houston 0
This league is powered by Out of the Park Baseball, the baseball management simulation game for PC, Mac and Linux
Tuesday, August 2nd, 2016 - OOTP Baseball 16.8 Build 38